 Dungeon Crawl Stone Soup version 0.21-a0-513-gdcb3f5e (webtiles) character file.

25324 Dawnplanks the Blocker (level 13, -2/101 HPs)
             Began as a Gnoll Fighter on Dec 1, 2017.
             Was the Champion of Ru.
             Splashed by an oklob plant's acid (16 damage)
             ... on level 3 of the Lair of Beasts.
             The game lasted 01:19:58 (18342 turns).

Dawnplanks the Blocker (Gnoll Fighter)             Turns: 18342, Time: 01:20:01

Health: -2/101     AC:  1    Str: 23    XL:     13   Next: 18%
Magic:  32/32      EV: 12    Int: 12    God:    Ru [******]
Gold:   428        SH: 12    Dex: 19    Spells: 21/26 levels left

rFire    . . .     SeeInvis .   k - +2 broad axe (flame)
rCold    . . .     Gourm    .   c - +0 shield
rNeg     . . .     Faith    .   t - +0 chain mail of the Equator {rPois}
rPois    +         Spirit   .   O - +2 helmet
rElec    .         Reflect  .   F - scarf {repulsion}
rCorr    .         Harm     .   M - +0 pair of gloves
MR       .....                  j - +0 pair of boots
Stlth    ..........             h - amulet of magic regeneration
HPRegen  0.26/turn              w - ring of magical power
MPRegen  0.48/turn              I - +5 ring of dexterity

@: corroded, repel missiles
A: distributed training, fangs 1, no stealth, inability to use devices, hated by
all, no fire magic, no hexes magic, no summoning magic, unskilled 1, strong nose
a: Draw Out Power, Power Leap, Apocalypse, Renounce Religion


You were on level 3 of the Lair of Beasts.
You worshipped Ru.
Ru was exalted by your worship.
You were not hungry.

You visited 2 branches of the dungeon, and saw 15 of its levels.

You collected 836 gold pieces.
You spent 408 gold pieces at shops.

Inventory:

Hand Weapons
 a - a +0 war axe
 e - a +1 shortbow of flaming
 k - a +2 broad axe of flaming (weapon)
 u - a +1 dagger of draining
 v - a +1 falchion of electrocution
 z - a +2 mace of protection
 T - a +0 blowgun
 X - a +0 short sword of distortion
Missiles
 J - 108 arrows
 R - 8 curare-tipped needles
 Y - a throwing net (quivered)
Armour
 c - a +0 shield (worn)
 j - a +0 pair of boots (worn)
 s - a +0 leather armour of fire resistance
 t - the +0 chain mail of the Equator (worn) {rPois}
   (You bought it in a shop on level 9 of the Dungeon)

   It protects you from poison.
 y - +0 storm dragon scales
 F - a scarf of repulsion (worn)
 M - a +0 pair of gloves (worn)
 O - a +2 helmet (worn)
 W - a +4 ring mail of magic resistance
Jewellery
 h - an amulet of magic regeneration (around neck)
 w - a ring of magical power (left hand)
 I - a +5 ring of dexterity (right hand)
 V - an uncursed ring of ice
Scrolls
 g - 7 scrolls of teleportation
 l - 4 scrolls of magic mapping
 m - a scroll of immolation
 q - 9 scrolls of remove curse
 B - 5 scrolls of random uselessness {unknown}
 D - 6 scrolls of blinking {unknown}
 E - 2 scrolls of fog
 H - a scroll of vulnerability
 N - a scroll of silence
 P - 2 scrolls of fear
 U - 3 scrolls of enchant armour {unknown}
Potions
 d - 2 potions of might
 i - 4 potions of resistance
 o - 3 potions of lignification
 p - 3 potions of curing
 r - a potion of cancellation
 A - 2 potions of mutation
 C - 3 potions of magic
 L - 2 potions of invisibility
 S - 2 potions of flight
 Z - 2 potions of haste {unknown}
Books
 n - a book of the Tempests

   Spells                             Type                      Level
   a - Static Discharge               Conjuration/Air              3
   b - Lightning Bolt                 Conjuration/Air              5
   c - Ignition                       Fire                         8
   d - Tornado                        Air                          9
   e - Shatter                        Earth                        9
 G - a book of Air

   Spells                             Type                      Level
   a - Shock                          Conjuration/Air              1
   b - Swiftness                      Charms/Air                   2
   c - Static Discharge               Conjuration/Air              3
   d - Airstrike                      Air                          4
   e - Lightning Bolt                 Conjuration/Air              5
 Q - a book of Clouds

   Spells                             Type                      Level
   a - Poisonous Vapours              Poison/Air                   2
   b - Mephitic Cloud                 Conjuration/Poison/Air       3
   c - Conjure Flame                  Conjuration/Fire             3
   d - Freezing Cloud                 Conjuration/Ice/Air          6
   e - Ring of Flames                 Charms/Fire                  7
Comestibles
 b - 7 meat rations
 f - 16 bread rations
 x - 4 fruits
 K - 7 royal jellies


   Skills:
 + Level 9.4 Fighting
 + Level 7.2 Short Blades
 + Level 7.2 Long Blades
 + Level 8.4 Axes
 + Level 7.2 Maces & Flails
 + Level 7.2 Polearms
 + Level 7.2 Staves
 + Level 7.2 Slings
 + Level 7.2 Bows
 + Level 7.2 Crossbows
 + Level 7.2 Throwing
 + Level 9.4 Armour
 + Level 7.2 Dodging
   Level 0.0 Stealth
 + Level 9.4 Shields
 + Level 7.2 Unarmed Combat
 + Level 7.2 Spellcasting
 + Level 6.0 Conjurations
   Level 0.0 Hexes
 + Level 6.0 Charms
   Level 0.0 Summonings
 + Level 6.0 Necromancy
 + Level 6.0 Translocations
 + Level 6.0 Transmutations
   Level 0.0 Fire Magic
 + Level 6.0 Ice Magic
 + Level 6.0 Air Magic
 + Level 6.0 Earth Magic
 + Level 6.0 Poison Magic
 + Level 7.9 Invocations
   Level 0.0 Evocations


You had 21 spell levels left.
You knew the following spells:

 Your Spells              Type           Power        Failure   Level  Hunger
a - Blink                 Tloc           N/A          24%         2    #......
b - Mephitic Cloud        Conj/Pois/Air  ###.....     43%         3    ###....


Dungeon Overview and Level Annotations

Branches:
Dungeon (12/15)            Temple (0/1) D:6            Lair (3/6) D:11
 Shoals (0/4) Lair:2        Snake (0/4) Lair:3          Orc (0/2) D:12

Altars:
Ashenzari
Cheibriados
Elyvilon
Makhleb
Okawaru
Ru
Yredelemnul

Shops:
D:9 [

Annotations:
D:11 Snorg
Lair:3 exclusion: 4 oklob plants


Innate Abilities, Weirdness & Mutations

Your experience applies equally to all skills.
You have very sharp teeth.
You cannot be stealthy.
You cannot study or use magical devices.
You are hated by all.
You cannot study or cast Fire magic.
You cannot study or cast Hexes magic.
You cannot study or cast Summoning magic.
You are somewhat unskilled. (-1 Apt)
Your uncanny sense of smell can sniff out nearby items.


Message History

The oklob plant is heavily damaged.
You hit the plant. You burn the plant.
The oklob plant begins to attack, but is stunned by your will! x3
The oklob plant spits acid at you. The splash of acid hits you!
The acid corrodes you!
You are splashed with acid!
The acid burns!
You hit the oklob plant. You burn the oklob plant.
The oklob plant is heavily damaged.
You hit the plant but do no damage. The oklob plant spits acid at you.
You block the splash of acid. The oklob plant spits acid at you.
The splash of acid hits you! The acid corrodes you!
You are splashed with acid!
The acid burns!
* * * LOW HITPOINT WARNING * * *
The oklob plant spits acid at you. The splash of acid hits you!
* * * LOW HITPOINT WARNING * * *
The acid corrodes you!
You are splashed with acid!
The acid burns!
You die...

###.####P#..#.#....##
#P....#.............#
##..................## #
#.........P..........###
########..............##
#[..$$P...?.........##
#.)=.$.............###
#?.P(PP..............##
#)))}%@.(.......<......
#P.P.$.................
##########................
#.#..............!........
#.........................
##P..P....................
######...............#.P#
##.#...........#####
##..P#...##.#..# #


You could see 4 oklob plants.

Vanquished Creatures
  Erolcha (D:9)
  Harold (D:10)
  A hydra (Lair:2)
  The ghost of plsesad the Covert, a journeyman VSEn of Wu Jian (Lair:2)
  The ghost of bombasticus the Carver, a novice MiBe of Trog (D:11)
  3 two-headed ogres
  Sonja (Lair:3)
  An unseen horror (D:12)
  Pikel (D:6)
  A manticore (D:9)
  3 ugly things
  2 black mambas (Lair:2)
  Joseph (D:8)
  The ghost of fren the Chiller, a novice DgIE (D:5)
  5 komodo dragons (Lair:2)
  3 spiny frogs
  A centaur skeleton (D:12)
  A polar bear (Lair:2)
  2 trolls
  2 hornets
  Prince Ribbit (D:6)
  2 slime creatures (D:12)
  2 hippogriffs
  3 yaks
  2 wyverns (Lair:2)
  2 hogs (D:7)
  A human (D:7)
  A steam dragon (D:12)
  Grum (D:8)
  A hungry ghost (D:11)
  13 water moccasins
  12 porcupines
  5 orc warriors
  7 ice beasts
  A black bear (Lair:2)
  3 sky beasts
  9 ogres
  3 phantoms
  2 wolves (D:8)
  11 centaurs
  8 crocodiles
  2 big kobolds
  A gnoll sergeant (D:9)
  17 bullfrogs
  A water moccasin zombie (D:9)
  A wyvern skeleton (D:10)
  A wyvern zombie (D:9)
  8 scorpions
  3 wights (D:9)
  3 howler monkeys
  6 crimson imps
  A bullfrog zombie (D:7)
  A quasit (D:10)
  3 orc priests
  A jelly (D:9)
  4 hounds
  10 orc wizards
  2 bullfrog skeletons
  A gnoll shaman (D:9)
  Jessica (D:2)
  6 iguanas
  Natasha (thrice) (D:2)
  6 worker ants
  A worker ant zombie (D:11)
  9 gnolls (D:9)
  A howler monkey zombie (D:4)
  17 adders
  4 shadow imps
  3 oozes
  2 adder skeletons
  4 worms
  4 dart slugs
  7 leopard geckos
  30 orcs
  4 ball pythons
  7 bats
  8 giant cockroaches
  4 goblins
  5 hobgoblins
  15 jackals
  3 quokkas
  10 frilled lizards
  14 kobolds
  A leopard gecko skeleton (D:5)
  A quokka skeleton (D:4)
  7 rats
  A spectral orc (D:3)
  A fungus (Lair:2)
  2 plants (Lair:3)
370 creatures vanquished.

Vanquished Creatures (others)
  A hydra (Lair:3)
  A slime creature (D:12)
  Edmund (D:6)
  A water moccasin (Lair:3)
  A slave (D:6)
  2 ogres
  A centaur skeleton (D:6)
  29 fungi
  8 plants
  5 toadstools (D:1)
50 creatures vanquished.

Grand Total: 420 creatures vanquished

Notes
Turn   | Place    | Note
-------+----------+-------------------------------------------
     0 | D:1      | Dawnplanks the Gnoll Fighter began the quest for the Orb.
     0 | D:1      | Reached XP level 1. HP: 23/23 MP: 1/1
   140 | D:1      | Reached XP level 2. HP: 29/29 MP: 2/2
   432 | D:2      | Noticed Jessica
   439 | D:2      | Killed Jessica
   439 | D:2      | Reached skill level 1 in Invocations
   439 | D:2      | Reached XP level 3. HP: 28/35 MP: 2/4
   520 | D:2      | Reached skill level 1 in Short Blades
   520 | D:2      | Reached skill level 1 in Long Blades
   520 | D:2      | Reached skill level 1 in Maces & Flails
   520 | D:2      | Reached skill level 1 in Polearms
   520 | D:2      | Reached skill level 1 in Staves
   520 | D:2      | Reached skill level 1 in Slings
   520 | D:2      | Reached skill level 1 in Bows
   520 | D:2      | Reached skill level 1 in Crossbows
   520 | D:2      | Reached skill level 1 in Throwing
   520 | D:2      | Reached skill level 1 in Dodging
   520 | D:2      | Reached skill level 1 in Stealth
   520 | D:2      | Reached skill level 1 in Unarmed Combat
   520 | D:2      | Reached skill level 1 in Spellcasting
   520 | D:2      | Reached skill level 1 in Evocations
   520 | D:2      | Reached XP level 4. HP: 41/41 MP: 5/5
   754 | D:2      | Reached skill level 1 in Conjurations
   754 | D:2      | Reached skill level 1 in Hexes
   754 | D:2      | Reached skill level 1 in Charms
   754 | D:2      | Reached skill level 1 in Summonings
   754 | D:2      | Reached skill level 1 in Necromancy
   754 | D:2      | Reached skill level 1 in Translocations
   754 | D:2      | Reached skill level 1 in Transmutations
   754 | D:2      | Reached skill level 1 in Fire Magic
   754 | D:2      | Reached skill level 1 in Ice Magic
   754 | D:2      | Reached skill level 1 in Air Magic
   754 | D:2      | Reached skill level 1 in Earth Magic
   754 | D:2      | Reached skill level 1 in Poison Magic
   903 | D:2      | Noticed Natasha
   909 | D:2      | Killed Natasha
   909 | D:2      | Reached XP level 5. HP: 35/47 MP: 6/6
   994 | D:2      | Found a shattered altar of Ashenzari.
  1109 | D:2      | Noticed Natasha
  1114 | D:2      | Killed Natasha
  1347 | D:2      | Noticed Natasha
  1358 | D:2      | Killed Natasha
  1650 | D:3      | Reached XP level 6. HP: 53/53 MP: 8/8
  1688 | D:3      | Found a basalt altar of Yredelemnul.
  1726 | D:3      | Found a sacrificial altar of Ru.
  1942 | D:3      | Became a worshipper of Ru the Awakened
  2291 | D:3      | Reached skill level 5 in Axes
  2452 | D:4      | Found a white marble altar of Elyvilon.
  2543 | D:4      | Reached XP level 7. HP: 59/59 MP: 10/10
  3146 | D:5      | Entered Level 5 of the Dungeon
  3182 | D:5      | Reached XP level 8. HP: 65/67 MP: 12/12
  3294 | D:5      | Noticed fren's ghost (novice DgIE)
  3629 | D:5      | Killed fren's ghost
  4063 | D:5      | Gained mutation: You cannot study or use magical devices. [Ru sacrifice]
  4063 | D:5      | Reached * piety under Ru
  4063 | D:5      | Reached ** piety under Ru
  4100 | D:5      | Got an ancient leather armour
  4111 | D:5      | Identified the +1 leather armour "Eremum" {Int+2} (You found it on level 5 of the Dungeon)
  4191 | D:5      | Found an iron altar of Okawaru.
  4499 | D:6      | Noticed Pikel
  4504 | D:6      | Noticed Edmund
  4516 | D:6      | Killed Pikel
  4516 | D:6      | Reached XP level 9. HP: 67/73 MP: 15/15
  4529 | D:6      | Killed Edmund
  4568 | D:6      | Found a snail-covered altar of Cheibriados.
  4845 | D:6      | Found a staircase to the Ecumenical Temple.
  4928 | D:6      | Noticed Prince Ribbit
  4948 | D:6      | Killed Prince Ribbit
  5259 | D:7      | Reached skill level 5 in Invocations
  5282 | D:7      | Reached XP level 10. HP: 73/80 MP: 17/17
  5638 | D:7      | Gained mutation: You are hated by all. [Ru sacrifice]
  5638 | D:7      | Reached *** piety under Ru
  6015 | D:8      | Reached skill level 5 in Short Blades
  6015 | D:8      | Reached skill level 5 in Long Blades
  6015 | D:8      | Reached skill level 5 in Maces & Flails
  6015 | D:8      | Reached skill level 5 in Polearms
  6015 | D:8      | Reached skill level 5 in Staves
  6015 | D:8      | Reached skill level 5 in Slings
  6015 | D:8      | Reached skill level 5 in Bows
  6015 | D:8      | Reached skill level 5 in Crossbows
  6015 | D:8      | Reached skill level 5 in Throwing
  6015 | D:8      | Reached skill level 5 in Dodging
  6015 | D:8      | Reached skill level 5 in Stealth
  6015 | D:8      | Reached skill level 5 in Unarmed Combat
  6015 | D:8      | Reached skill level 5 in Spellcasting
  6319 | D:8      | Noticed Grum
  6324 | D:8      | Noticed Joseph
  6353 | D:8      | Killed Grum
  6365 | D:8      | Killed Joseph
  7458 | D:9      | Noticed Erolcha
  7470 | D:9      | Killed Erolcha
  7470 | D:9      | Reached XP level 11. HP: 87/87 MP: 19/19
  7665 | D:9      | Found Yzismes's Antique Armour Boutique.
  7673 | D:9      | Bought a shiny helmet for 180 gold pieces
  7684 | D:9      | Bought a polished chain mail for 228 gold pieces
  7694 | D:9      | Identified the cursed +0 chain mail of the Equator {rPois} (You bought it in a shop on level 9 of the Dungeon)
  7805 | D:9      | Noticed a manticore
  7823 | D:9      | Killed a manticore
  8197 | D:10     | Entered Level 10 of the Dungeon
  8231 | D:10     | Reached skill level 5 in Conjurations
  8231 | D:10     | Reached skill level 5 in Hexes
  8231 | D:10     | Reached skill level 5 in Charms
  8231 | D:10     | Reached skill level 5 in Summonings
  8231 | D:10     | Reached skill level 5 in Necromancy
  8231 | D:10     | Reached skill level 5 in Translocations
  8231 | D:10     | Reached skill level 5 in Transmutations
  8231 | D:10     | Reached skill level 5 in Fire Magic
  8231 | D:10     | Reached skill level 5 in Ice Magic
  8231 | D:10     | Reached skill level 5 in Air Magic
  8231 | D:10     | Reached skill level 5 in Earth Magic
  8231 | D:10     | Reached skill level 5 in Poison Magic
  8267 | D:10     | Gained mutation: You cannot study or cast Fire magic. [Ru sacrifice]
  8267 | D:10     | Gained mutation: You cannot study or cast Hexes magic. [Ru sacrifice]
  8267 | D:10     | Gained mutation: You cannot study or cast Summoning magic. [Ru sacrifice]
  8267 | D:10     | Reached **** piety under Ru
  8330 | D:10     | Noticed a two-headed ogre
  8349 | D:10     | Killed a two-headed ogre
  8578 | D:10     | Learned a level 2 spell: Blink
  8582 | D:10     | Learned a level 3 spell: Mephitic Cloud
  8641 | D:11     | Noticed bombasticus's ghost (novice MiBe)
  8850 | D:11     | Killed bombasticus's ghost
  8856 | D:11     | Noticed Harold
  8877 | D:10     | Killed Harold
  9113 | D:11     | Noticed a green ugly thing
  9116 | D:11     | Noticed a two-headed ogre
  9139 | D:10     | Killed a two-headed ogre
  9447 | D:10     | Killed a green ugly thing
  9858 | D:11     | Found a burning altar of Makhleb.
 10217 | D:11     | Found a staircase to the Lair.
 10221 | D:11     | Noticed Snorg
 10299 | D:11     | Identified a scroll of acquirement
 10317 | D:11     | Reached XP level 12. HP: 96/96 MP: 22/22
 11562 | D:12     | Noticed a two-headed ogre
 11624 | D:12     | Gained mutation: You are somewhat unskilled. (-1 Apt) [Ru sacrifice]
 11624 | D:12     | Reached ***** piety under Ru
 11687 | D:12     | Killed a two-headed ogre
 11700 | D:12     | Found a staircase to the Orcish Mines.
 12329 | D:12     | HP: 4/94 [large slime creature (24)]
 13195 | Lair:1   | Entered Level 1 of the Lair of Beasts
 13966 | Lair:2   | Noticed plsesad's ghost (journeyman VSEn)
 14303 | Lair:2   | Killed plsesad's ghost
 14618 | Lair:2   | Found a staircase to the Shoals.
 14633 | Lair:2   | Gained mutation: You cannot be stealthy. [Ru sacrifice]
 14633 | Lair:2   | Reached ****** piety under Ru
 16254 | Lair:3   | Noticed a seven-headed hydra
 16356 | Lair:3   | Noticed an eight-headed hydra
 16358 | Lair:2   | Killed a six-headed hydra
 16610 | Lair:2   | Reached XP level 13. HP: 101/101 MP: 23/23
 16746 | Lair:3   | Noticed Sonja
 17777 | Lair:3   | Found a staircase to the Snake Pit.
 17842 | Lair:3   | Killed Sonja
 18342 | Lair:3   | Splashed by an oklob plant's acid

Vault maps used:
D:1:      ldierk_walled_garden
D:2:      nicolae_overflow_hidden_temple, nicolae_ashenzari_panopticon,
          minmay_pentomino_z4, uniq_jessica, uniq_natasha
D:3:      nicolae_overflow_crystal_walls, yredelemnul_forgotten_temple_becter,
          st_stairs_10
D:4:      kennysheep_mini, first_bread, minmay_distorted
D:5:      kennysheep_spiral_hall, okawaru_ov_weapons_minmay
D:6:      minmay_temple_entry_purple_smoke, cheibriados_altar_1, uniq_pikel,
          uniq_prince_ribbit1, uniq_edmund
D:7:      grunt_livestock, kennysheep_nub, kennysheep_generic_room_4
D:8:      kennysheep_another_room, centaur_isle, uniq_grum, uniq_joseph
D:9:      serial_shops, shop, uniq_erolcha
D:11:     due_lair_maze_entry_diamond, basic_altar, uniq_harold, uniq_snorg
D:12:     orc_0_dummy
Lair:2:   minmay_shoals_entry_centaurs, grunt_megastairs_1
Lair:3:   minmay_snake_entry_six_corridors, minmay_lair_oklob_chamber,
          uniq_sonja

Skill      XL: |  1  2  3  4  5  6  7  8  9 10 11 12 13 |
---------------+----------------------------------------+-----
Invocations    | 1 2 3 4 5 6 7 7 |  7.9
Short Blades   | 1 2 4 5 6 7 |  7.2
Long Blades    | 1 2 4 5 6 7 |  7.2
Maces & Flails | 1 2 4 5 6 7 |  7.2
Polearms       | 1 2 4 5 6 7 |  7.2
Staves         | 1 2 4 5 6 7 |  7.2
Slings         | 1 2 4 5 6 7 |  7.2
Bows           | 1 2 4 5 6 7 |  7.2
Crossbows      | 1 2 4 5 6 7 |  7.2
Throwing       | 1 2 4 5 6 7 |  7.2
Dodging        | 1 2 4 5 6 7 |  7.2
Stealth        | 1 2 4 5 6 0 |  0.0
Unarmed Combat | 1 2 4 5 6 7 |  7.2
Spellcasting   | 1 2 4 5 6 7 |  7.2
Evocations     | 1 2 0 |  0.0
Conjurations   | 1 2 3 4 5 6 |  6.0
Hexes          | 1 2 3 4 0 |  0.0
Charms         | 1 2 3 4 5 6 |  6.0
Summonings     | 1 2 3 4 0 |  0.0
Necromancy     | 1 2 3 4 5 6 |  6.0
Translocations | 1 2 3 4 5 6 |  6.0
Transmutations | 1 2 3 4 5 6 |  6.0
Fire Magic     | 1 2 3 4 0 |  0.0
Ice Magic      | 1 2 3 4 5 6 |  6.0
Air Magic      | 1 2 3 4 5 6 |  6.0
Earth Magic    | 1 2 3 4 5 6 |  6.0
Poison Magic   | 1 2 3 4 5 6 |  6.0
Axes           | 5 6 7 8 8 |  8.4
Fighting       | 7 8 9 9 |  9.4
Armour         | 7 8 9 9 |  9.4
Shields        | 7 8 9 9 |  9.4

Action                   |  1- 3 |  4- 6 |  7- 9 | 10-12 | 13-15 || total
-------------------------+-------+-------+-------+-------+-------++-------
Melee: War axe           |    54 |   155 |       |       |       ||   209
       Bite              |     6 |    15 |    42 |   168 |    14 ||   245
       Falchion          |       |    28 |   234 |   583 |       ||   845
       Mace              |       |       |    60 |   142 |       ||   202
       Broad axe         |       |       |       |   293 |    89 ||   382
Throw: Stone             |       |       |       |     7 |       ||     7
       Throwing net      |       |       |       |     4 |     4 ||     8
 Cast: Blink             |       |       |       |     2 |       ||     2
Invok: Sacrifice Artific |       |       |     1 |       |       ||     1
       Sacrifice Love    |       |       |       |     1 |       ||     1
       Sacrifice Arcana  |       |       |       |     1 |       ||     1
       Power Leap        |       |       |       |     2 |     2 ||     4
       Sacrifice Stealth |       |       |       |     1 |       ||     1
       Sacrifice Skill   |       |       |       |     1 |       ||     1
  Use: Scroll            |       |       |     4 |    19 |       ||    23
       Potion            |       |       |       |     2 |       ||     2
 Stab: Distracted        |       |       |       |     4 |       ||     4
       Invisible         |       |       |       |     9 |     1 ||    10
       Held in net/web   |       |       |       |     2 |       ||     2
       Paralysed         |       |       |       |       |     2 ||     2
  Eat: Chunk             |       |     6 |     9 |    30 |     5 ||    50
       Fruit             |       |       |       |     2 |     2 ||     4
       Meat ration       |       |       |       |     1 |       ||     1
Armor: Scale mail        |    23 |    79 |       |       |       ||   102
       Storm dragon scal |       |    10 |   140 |   130 |       ||   280
       Leather armour    |       |     4 |       |       |       ||     4
       Skin              |       |       |       |    22 |       ||    22
       Chain mail        |       |       |       |   172 |    57 ||   229
       Ring mail         |       |       |       |    89 |       ||    89
Dodge: Dodged            |    21 |    53 |    74 |   365 |    66 ||   579
       Deflected         |       |       |     2 |    14 |     7 ||    23
Block: Shield            |    18 |   105 |   206 |   587 |    81 ||   997
       Rpst.: Falchion   |       |     1 |    19 |    49 |       ||    69

Table legend:
 A = Spawn XP
 B = Non-spawn XP
 C = Spawn XP percentage of total XP
 D = Spawn monster count
 E = Non-spawn monster count
 F = Spawn count percentage of total count
 G = Total turns spent on level
                    A         B        C        D         E        F      G
               +---------+---------+-------+---------+---------+-------+---------
         Total |       0 |   36178 |   0.0 |       0 |     371 |   0.0 | 18342
               +---------+---------+-------+---------+---------+-------+---------
           D:1 |       0 |      29 |   0.0 |       0 |      16 |   0.0 |   407
           D:2 |       0 |     252 |   0.0 |       0 |      36 |   0.0 |  1215
           D:3 |       0 |     223 |   0.0 |       0 |      25 |   0.0 |   778
           D:4 |       0 |     560 |   0.0 |       0 |      23 |   0.0 |  1002
           D:5 |       0 |    1216 |   0.0 |       0 |      28 |   0.0 |  1097
           D:6 |       0 |    1552 |   0.0 |       0 |      15 |   0.0 |   594
           D:7 |       0 |    1623 |   0.0 |       0 |      26 |   0.0 |   916
           D:8 |       0 |    2032 |   0.0 |       0 |      26 |   0.0 |   876
           D:9 |       0 |    3656 |   0.0 |       0 |      42 |   0.0 |  1312
          D:10 |       0 |    4593 |   0.0 |       0 |      23 |   0.0 |  1506
          D:11 |       0 |    2999 |   0.0 |       0 |      28 |   0.0 |  1603
          D:12 |       0 |    4731 |   0.0 |       0 |      19 |   0.0 |  1889
        Lair:1 |       0 |    1169 |   0.0 |       0 |       9 |   0.0 |   867
        Lair:2 |       0 |    8386 |   0.0 |       0 |      38 |   0.0 |  3090
        Lair:3 |       0 |    3157 |   0.0 |       0 |      17 |   0.0 |  1190
               +---------+---------+-------+---------+---------+-------+---------
